 Dungeon Crawl Stone Soup version 0.29.0-15-g675c0067aa (webtiles) character file.

Game seed: 11589905401556399413

44 pacmanke6689 the Shield-Bearer (level 3, -3/30 HPs)
             Began as a Formicid Fighter on Sept 11, 2022.
             Slain by a gnoll
             ... wielding a +0 club
              (4 damage)
             ... on level 2 of the Dungeon.
             The game lasted 00:02:57 (1050 turns).

pacmanke6689 the Shield-Bearer (Formicid Fighter)   Turns: 1050, Time: 00:02:58

Health: -3/30      AC:  8    Str: 22    XL:     3   Next: 85%
Magic:  0/3        EV:  9    Int:  7    God:
Gold:   5          SH:  5    Dex: 13    Spells: 2/2 levels left

rFire   . . .      SeeInvis +   a - +0 war axe
rCold   . . .      Faith    .   c - +0 buckler
rNeg    . . .      Spirit   +   b - +0 scale mail
rPois   .          Reflect  .   (helmet unavailable)
rElec   .          Harm     .   (no cloak)
rCorr   .          Rampage  .   l - +0 pair of gloves
Will    .....                   (no boots)
Stlth   ..........              e - amulet of guardian spirit
HPRegen 0.10/turn               (no ring)
MPRegen 0.08/turn               (no ring)

@: mighty
A: permanent stasis, dig shafts and tunnels, antennae 3, four strong arms
a: Dig, Shaft Self


You were on level 2 of the Dungeon.
You visited 1 branch of the dungeon, and saw 2 of its levels.

You collected 5 gold pieces.

Inventory:

Hand Weapons
 a - a +0 war axe (weapon)
Armour
 b - a +0 scale mail (worn)
 c - a +0 buckler (worn)
 l - a +0 pair of gloves (worn)
Jewellery
 e - an amulet of guardian spirit (around neck)
 m - a ring of protection from cold
Scrolls
 i - a scroll of immolation
Potions
 f - a potion of curing {unknown}
 h - a potion of lignification {unknown}
 j - 2 potions of haste {unknown}
 k - a potion of mutation {unknown}


   Skills:
 + Level 3.9 Fighting
 + Level 2.2 Axes
 + Level 3.8 Armour
 + Level 0.2 Dodging
 + Level 4.5 Shields


You had 2 spell levels left.
You didn't know any spells.
Your spell library was empty.

Dungeon Overview and Level Annotations

Branches:
Dungeon (2/15)

Altars:


Innate Abilities, Weirdness & Mutations

You cannot be hasted, slowed, berserked, paralysed or teleported.
You can dig through walls and to a lower floor.
You have a pair of large antennae on your head. (SInv)
Your four strong arms can wield two-handed weapons with a shield.


Message History

You hit the gnoll but do no damage. The gnoll hits you with a +0 club.
You barely miss the gnoll. You closely miss the gnoll.
The gnoll hits you with a +0 club. x3; The gnoll barely misses you.
You hit the gnoll.
The gnoll is heavily wounded.
You hit the gnoll but do no damage. The gnoll hits you with a +0 club.
You barely miss the gnoll. You closely miss the gnoll. The gnoll misses you.
The gnoll hits you with a +0 club. The gnoll completely misses you.
You block the gnoll's attack.
You closely miss the gnoll. You hit the gnoll but do no damage.
You hit the gnoll. The gnoll hits you but does no damage.
The gnoll hits you with a +0 whip. The gnoll hits you with a +0 club.
* * * LOW HITPOINT WARNING * * *
You hit the gnoll.
The gnoll is moderately wounded.
You slash the gnoll! You hit the gnoll. You block the gnoll's attack.
The gnoll hits you with a +0 whip.
* * * LOW HITPOINT WARNING * * *
The gnoll closely misses you. You block the gnoll's attack.
The gnoll hits you with a +0 club.
* * * LOW HITPOINT WARNING * * *
The gnoll hits you but does no damage.
You feel very mighty all of a sudden. The gnoll completely misses you.
The gnoll closely misses you. x2
You hit the gnoll.
The gnoll is heavily wounded.
You barely miss the gnoll. You hit the gnoll.
You kill the gnoll!
The gnoll barely misses you. The gnoll hits you with a +0 club.
* * * LOW HITPOINT WARNING * * *
You barely miss the gnoll.
The gnoll is severely wounded.
You barely miss the gnoll. The gnoll hits you with a +0 whip.
You block the gnoll's attack.
Unknown command.
You barely miss the gnoll.
The gnoll is severely wounded.
You hit the gnoll. The gnoll hits you but does no damage.
The gnoll hits you with a +0 club.
You die...

....#. ##. ...#. .. +
. .. .#.#
####.#.####.#.# .
.....#..........
.....>......#.# .
#......g...###
..#.....@g...... #
#.#..#..#)......
#.#.#..#..#...####
#.#.#.#..#†.#...# ##
# #...........#.#.#
##. .8
#####...#...#.#.# ..
...
#...##..#.#.####.#.8
#...##....#.#.#...###
#§§§###...#.#.#.###.#


You could see 2 gnolls.

Vanquished Creatures
  2 gnolls (D:2)
  An adder (D:2)
  A dart slug (D:1)
  A hobgoblin (D:2)
  A quokka (D:1)
  2 ball pythons (D:1)
  4 bats (D:1)
  2 frilled lizards (D:1)
  A goblin (D:1)
  2 kobolds
  2 rats
19 creatures vanquished.

Notes
Turn   | Place    | Note
-------+----------+-------------------------------------------
     0 | D:1      | pacmanke6689 the Formicid Fighter began the quest for the
                  | Orb.
     0 | D:1      | Reached XP level 1. HP: 18/18 MP: 1/1
   571 | D:1      | Reached XP level 2. HP: 19/24 MP: 0/2
   910 | D:1      | Found a faded altar of an unknown god.
   956 | D:2      | Reached XP level 3. HP: 29/29 MP: 3/3
  1048 | D:2      | HP: 1/30 [gnoll/+0 club (4)]
  1050 | D:2      | Slain by a gnoll

Illustrated notes

Levels and vault maps discovered:
D:1:      spicycebolla_arrival_xxxplode, layout_loops_cross,
          hellmonk_ecumenical_altar_leap_of_faith
D:2:      layout_basic, chequers_avenue

Action                   || total
-------------------------++-------
Melee: War axe           ||    55
  Use: Scroll            ||     5
       Potion            ||     1
Armor: Scale mail        ||    40
Dodge: Dodged            ||    40
Block: Buckler           ||    18
